 Dungeon Crawl Stone Soup version 0.20-a0-277-g7db01f4 (webtiles) character file.

333 witty the Firebug (level 6, -3/43 HPs)
             Began as a Mummy Fire Elementalist on Dec 13, 2016.
             Was an Initiate of Ashenzari.
             Killed from afar by Dowan (15 damage)
             ... with a puff of flame
             ... on level 5 of the Dungeon.
             The game lasted 00:10:16 (4376 turns).

witty the Firebug (Mummy Fire Elementalist)         Turns: 4376, Time: 00:10:17

Health: -3/43      AC:  5    Str: 12    XL:     6   Next: 27%
Magic:  3/9        EV: 12    Int: 16    God:    Ashenzari [......]
Gold:   195        SH:  0    Dex: 12    Spells: 4/9 levels left

rFire  x . .     SeeInvis .     o - +1 short sword (venom)
rCold  + . .     Gourm    .     a - +0 robe
rNeg   + + +     Faith    .     (no shield)
rPois  ∞         Spirit   .     r - +0 helmet
rElec  .         Reflect  .     q - +1 cloak
rCorr  .         Harm     .     (no gloves)
MR     .....                    (no boots)
Stlth  ++........               (no amulet)
                                p - ring of wizardry {Wiz+, !d}
                                (no ring)

@: very slightly contaminated
A: no food or potions, fire vulnerability, cold resistance 1, negative energy
resistance 3, torment resistance, unbreathing
a: Curse Item, Renounce Religion


You were on level 5 of the Dungeon.
You worshipped Ashenzari.
Ashenzari was noncommittal.
You were not hungry.

You visited 2 branches of the dungeon, and saw 6 of its levels.

You collected 195 gold pieces.

Inventory:

Hand Weapons
 f - a +0 whip
   (You found it on level 1 of the Dungeon)
 o - a +1 short sword of venom (weapon)
   (You took it off a kobold on level 3 of the Dungeon)
Armour
 a - a +0 robe (worn)
 d - a +1 pair of gloves
   (You found it on level 4 of the Dungeon)
 q - a +1 cloak (worn)
   (You found it on level 3 of the Dungeon)
 r - a +0 helmet (worn)
   (You found it on level 3 of the Dungeon)
 u - the +1 plate armour "Bezxupne" {Str+6}
   (You found it on level 4 of the Dungeon)

   It affects your strength (+6).
Jewellery
 p - a ring of wizardry (right hand) {Wiz+, !d}
   (You found it on level 3 of the Dungeon)
 t - an uncursed ring of resist corrosion
   (You found it on level 4 of the Dungeon)
Wands
 l - a wand of teleportation (1/9)
   (You found it on level 3 of the Dungeon)
 n - a wand of confusion (17/48)
   (You found it on level 3 of the Dungeon)
Scrolls
 c - 2 scrolls of magic mapping {unknown}
 e - 3 scrolls of noise {unknown}
 g - a scroll of fog {unknown}
 h - 4 scrolls of teleportation {unknown}
 i - a scroll of enchant armour {unknown}
 j - 3 scrolls of amnesia {unknown}
 k - 2 scrolls of remove curse
 m - 4 scrolls of identify {unknown}
 s - 2 scrolls of enchant weapon {unknown}
 v - a scroll of fear {unknown}
Books
 b - a book of Flames


   Skills:
 - Level 1.3 Fighting
 - Level 1.5 Dodging
 - Level 1.5 Stealth
 - Level 2.0 Spellcasting
 + Level 2.6 Conjurations
 - Level 5.0 Fire Magic


You had 4 spell levels left.
You knew the following spells:

 Your Spells              Type           Power        Failure   Level  Hunger
a - Flame Tongue          Conj/Fire      ##...        2%          1    N/A
s - Sticky Flame          Conj/Fire      ##......     22%         4    N/A

Dungeon Overview and Level Annotations

Branches:
Dungeon (5/15)             Temple (1/1) D:4

Altars:
Ashenzari
Cheibriados
Dithmenos
Fedhas
Hepliaklqana
Kikubaaqudgha
Makhleb
Nemelex Xobeh
Qazlal
Ru
Zin
The Shining One

Annotations:
D:4 Eustachio
D:5 Dowan


Innate Abilities, Weirdness & Mutations

You do not eat or drink.
Your flesh is vulnerable to fire.
You are immune to poison.
Your flesh is cold resistant. (rC+)
You are immune to negative energy. (rN+++)
You are immune to unholy pain and torment.
You can survive without breathing.


Message History

You now have 5/8 mp.
Aim: an ogre, wielding a giant club (moderately wounded, confused)
The flame tongue hits the ogre.
You now have 4/8 mp.
Aim: an ogre, wielding a giant club (moderately wounded, confused)
The flame tongue hits the ogre.
The ogre appears unharmed.
You now have 3/8 mp.
You can't see any susceptible monsters within range! (Use Z to cast anyway.) Unknown command.
Okay, then.
You don't have enough magic to cast that spell.
You hit the ogre.
The ogre seems less confused.
The ogre hits you with a giant club!!
Ouch! That really hurt!
You take 19 damage, and have 18/37 hp.
MASSIVE DAMAGE!!
Okay, then.
Unknown command.
Okay, then.
Unknown command.
Aim: an ogre, wielding a giant club (heavily wounded)
The sticky flame hits the ogre.
The ogre is covered in liquid flames!
The ogre burns!
You now have 0/8 mp.
The ogre burns!
You kill the ogre!
Your Conjurations skill increases to level 2!
You have reached level 6!
Your experience leads to an increase in your attributes!
Increase (S)trength, (I)ntelligence, or (D)exterity?
You feel clever.
You regained 3 hp, and now have 21/43 hp.
Things that are here:
an uncursed giant club; an ogre corpse You butcher the ogre corpse.
Things that are here:
an uncursed giant club; 6 chunks of flesh {@w0} You start resting.
Health restored: 43; MP restored: 9 Dowan, Brother of Duvessa comes into view.
He is wielding a dagger.
Dowan points at you and mumbles some strange words.
The puff of flame misses you.
Okay, then.
Unknown command.
Aim: Dowan, wielding a dagger and wearing a robe You miscast Sticky Flame.
You are very lightly contaminated with residual magic.
Heat runs through your body. Dowan hits you but does no damage.
You now have 5/9 mp.
Aim: Dowan, wielding a dagger and wearing a robe You miscast Sticky Flame.
A wave of violent energy washes through your body!
Dowan hits you with a dagger.
You take 7 damage, and have 36/43 hp.
You now have 1/9 mp.
Aim: Dowan, wielding a dagger and wearing a robe The sticky flame hits Dowan.
Dowan is covered in liquid flames!
Dowan burns!
Dowan points at you and mumbles some strange words.
The puff of flame hits you! The fire burns you terribly!
You take 12 damage, and have 28/43 hp.
MASSIVE DAMAGE!!
You now have 0/9 mp.
Dowan burns!
Dowan smirks and points a slender finger.
Dowan burns!
Dowan gestures at you while chanting. The puff of frost hits you!
Dowan burns!
Dowan stops burning.
Dowan casts a spell.
Dowan blinks!
Dowan gestures at you while chanting.
You easily resist.
Dowan points at you and mumbles some strange words.
The puff of flame hits you! The fire burns you terribly!
You take 7 damage, and have 24/43 hp.
Dowan hits you but does no damage.
Aim: Dowan, wielding a dagger and wearing a robe (severely wounded)
You miscast Sticky Flame.
Nothing appears to happen.
Dowan casts a spell at you. The puff of flame hits you!
The fire burns you terribly!
* * * LOW HITPOINT WARNING * * *
You take 15 damage, and have 11/43 hp.
MASSIVE DAMAGE!!
You now have 0/9 mp.
Dowan points at you and mumbles some strange words.
You easily resist.
Dowan gestures wildly while chanting.
Dowan blinks!
Dowan casts a spell.
Dowan blinks!
Dowan hits you with a dagger.
* * * LOW HITPOINT WARNING * * *
You take 3 damage, and have 10/43 hp.
Dowan smirks and points a slender finger.
Aim: Dowan, wielding a dagger and wearing a robe (severely wounded, chance to defeat MR: 46%) Dowan resists with some effort.
Evoking this partially-identified wand wasted a few charges.
Dowan points at you and mumbles some strange words.
The puff of flame hits you! The fire burns you terribly!
You die...

##############
#............#
#............#
#............#
#.......e....# #.
##.###..##@.####
##.#####.###..##..#..#
.........+....#......#
.....................#
...##....#....#......# .
#....#....#......## ...
#....###..##.[....#
...##....###..##.)....##
....#.........#........#


You could see Dowan.

Vanquished Creatures
  An ogre (D:5)
  A bullfrog skeleton (D:5)
  2 hounds
  A hound skeleton (D:5)
  6 adders (D:3)
  An ooze (D:3)
  2 adder skeletons (D:4)
  A worm (D:2)
  2 orcs (D:3)
  8 bats
  6 giant cockroaches
  7 goblins
  3 hobgoblins
  13 jackals
  3 quokkas
  A ball python (D:2)
  3 frilled lizards
  A jackal skeleton (D:5)
  13 kobolds
  2 rats
77 creatures vanquished.

Notes
Turn   | Place    | Note
-------+----------+-------------------------------------------
     0 | D:1      | witty the Mummy Fire Elementalist began the quest for the Orb.
     0 | D:1      | Reached XP level 1. HP: 13/13 MP: 3/3
   229 | D:1      | Reached skill level 1 in Fighting
   408 | D:1      | Reached XP level 2. HP: 21/21 MP: 0/5
   861 | D:2      | Reached skill level 3 in Fire Magic
   905 | D:2      | Reached XP level 3. HP: 20/26 MP: 6/6
  1972 | D:3      | Reached XP level 4. HP: 24/32 MP: 5/7
  2087 | D:3      | Reached skill level 4 in Fire Magic
  2579 | D:3      | Reached XP level 5. HP: 11/37 MP: 0/8
  2878 | D:4      | Found a staircase to the Ecumenical Temple.
  2886 | Temple   | Entered the Ecumenical Temple
  3054 | Temple   | Became a worshipper of Ashenzari the Shackled
  3226 | D:4      | Noticed Eustachio
  3288 | D:4      | HP: 9/37 [jackal (3)]
  3317 | D:4      | HP: 9/37 [orc/flail (2)]
  3795 | D:4      | Found a hazy altar of Hepliaklqana.
  3797 | D:4      | Got the uncursed plate armour "Bezxupne" {Str+6}
  3840 | D:4      | Learned a level 4 spell: Sticky Flame
  3841 | D:5      | Entered Level 5 of the Dungeon
  3848 | D:5      | Reached skill level 1 in Conjurations
  3962 | D:5      | Reached skill level 5 in Fire Magic
  4054 | D:5      | Noticed an ogre
  4095 | D:5      | Killed an ogre
  4095 | D:5      | Reached skill level 2 in Conjurations
  4095 | D:5      | Reached XP level 6. HP: 21/43 MP: 0/9
  4257 | D:5      | Noticed Dowan
  4358 | D:5      | HP: 10/43 [Dowan/dagger (3)]
  4376 | D:5      | Killed from afar by Dowan

Vault maps used:
D:1:      dpeg_arrival_simpleton_c
D:2:      first_bread
D:4:      nicolae_overflow_hidden_temple, uniq_eustachio
D:5:      kennysheep_mini, elyvilon_altar_4, kennysheep_diamond, uniq_duvessa
Temple:   nicolae_temple_figure_eight

Skill      XL: |  1  2  3  4  5 |
---------------+----------------+-----
Fighting       | 1 |  1.3
Fire Magic     | 3 4 5 |  5.0
Conjurations   | 2 |  2.6
Dodging        | |  1.5
Stealth        | |  1.5
Spellcasting   | |  2.0

Action                   |  1- 3 |  4- 6 || total
-------------------------+-------+-------++-------
Melee: Whip              |    66 |    23 ||    89
       Unarmed           |     3 |       ||     3
       Short sword       |       |    33 ||    33
 Cast: Flame Tongue      |    64 |    55 ||   119
       Sticky Flame      |       |     2 ||     2
Evoke: Wand              |       |     3 ||     3
 Stab: Sleeping          |       |     1 ||     1
Armor: Robe              |    27 |    44 ||    71
Dodge: Dodged            |    78 |    78 ||   156

Vault maps used:
D:1:      dpeg_arrival_simpleton_c
D:2:      first_bread
D:4:      nicolae_overflow_hidden_temple, uniq_eustachio
D:5:      kennysheep_mini, elyvilon_altar_4, kennysheep_diamond, uniq_duvessa
Temple:   nicolae_temple_figure_eight

Table legend:
 A = Turns spent in this place as a percentage of turns spent in the entire game.
 B = Non-inter-level travel turns spent in this place as a percentage of non-inter-level travel turns spent in the entire game.
 C = Inter-level travel turns spent in this place as a percentage of turns spent in this place.
 D = Turns resting spent in this place as a percentage of non-inter-level travel turns spent in this place.
 E = Turns spent auto-exploring this place as a percentage of non-inter-level travel turns spent in this place.
 F = Non-inter-level travel turns spent in this place divided by the number of levels of this place that you've seen.
                   A       B       C       D       E      F
               +-------+-------+-------+-------+-------+----------------------
         Total | 100.0 | 100.0 |   0.6 |   4.9 |  10.1 | 209.5
       Dungeon |  97.0 |  97.1 |   0.5 |   5.0 |   9.5 | 244.0
        Temple |   3.0 |   2.9 |   2.6 |   0.0 |  29.7 |  37.0
               +-------+-------+-------+-------+-------+----------------------

Table legend:
 A = Kills in this place as a percentage of kills in entire the game.
 B = Kills by you in this place as a percentage of kills by you in the entire game.
 C = Kills by friends in this place as a percentage of kills by friends in the entire game.
 D = Other kills in this place as a percentage of other kills in the entire game.
 E = Experience gained in this place as a percentage of experience gained in the entire game.
 F = Experience gained in this place divided by the number of levels of this place that you have seen.
                   A       B       C       D       E      F
               +-------+-------+-------+-------+-------+----------------------
         Total | 100.0 | 100.0 |  -nan |  -nan | 100.0 |  79.3
       Dungeon | 100.0 | 100.0 |  -nan |  -nan | 100.0 |  95.2
               +-------+-------+-------+-------+-------+----------------------
